 Dungeon Crawl Stone Soup version 0.31-a0-175-g9f7f995f2b (webtiles) character file.

Game seed: 2207600619388534199

63 qw the Chopper (level 4, -2/28 HPs)
             Began as a Gargoyle Fighter on June 16, 2023.
             Slain by a gnoll
             ... wielding a +0 halberd of flaming
              (6 damage)
             ... on level 2 of the Dungeon.
             The game lasted 00:00:32 (1089 turns).

qw the Chopper (Gargoyle Fighter)                   Turns: 1089, Time: 00:00:33

Health: -2/28      AC: 10    Str: 21    XL:     4   Next: 9%
Magic:  4/4        EV:  9    Int:  9    God:
Gold:   26         SH:  4    Dex:  9    Spells: 3/3 levels left

rFire   . . .        Y - +0 war axe
rCold   . . .        c - +0 buckler
rNeg    + . .        b - +0 scale mail
rPois   inf          (no helmet)
rElec   +            (no cloak)
rCorr   .            (no gloves)
SInv    .            (no boots)
Will    .....        (no amulet) Stlth
                     (no ring)
HPRegen 0.24/turn    (no ring)
MPRegen 0.09/turn

%: no passive effects
@: no status effects
A: sickness immunity, AC +3, negative energy resistance 1, electricity
resistance, torment resistance 1, petrification resistance
a: no special abilities


You were on level 2 of the Dungeon.
You visited 1 branch of the dungeon, and saw 2 of its levels.

You collected 26 gold pieces.


Innate Abilities, Weirdness & Mutations

You are immune to sickness and miasma.
Your stone body is resilient. (AC +3)
You are immune to poison.
You resist negative energy. (rN+)
You are resistant to electric shocks. (rElec)
You are resistant to unholy torment.
You are immune to petrification.


   Skills:
 - Level 3.2 Fighting
 + Level 3.9 Axes
 - Level 3.2 Armour
 - Level 3.2 Shields


You had 3 spell levels left.
You didn't know any spells.
Your spell library was empty.

Inventory:

Hand Weapons
 g - a +0 flail
 Y - a +0 war axe (weapon)
Armour
 b - a +0 scale mail (worn)
 c - a +0 buckler (worn)
Potions
 d - a potion of might
 e - a potion of enlightenment {unknown}
 k - a potion of haste {unknown}

Dungeon Overview and Level Annotations

Branches:
Dungeon (2/15)

Altars:


Message History

The gnoll shouts!
An adder comes into view.
The gnoll throws a throwing net.
The throwing net hits you.
You become entangled in the net!
You see here a throwing net.
You struggle against the net.
The adder hisses angrily.
An endoplasm comes into view.
You tear a large gash into the net.
You rip the net and break free!
The gnoll hits you from afar with a +0 halberd of flaming.
The gnoll burns you. The adder bites you but does no damage.
You slash the adder!
You kill the adder!
A ball python comes into view.
The gnoll barely misses you.
The ball python hisses angrily.
You slash the gnoll!
You kill the gnoll!
A bat comes into view.
The gnoll closely misses you. The endoplasm freezes you.
You are frozen.
The gnoll hits you from afar with a +0 halberd of flaming.
The gnoll burns you.
You have reached level 4!
You feel clever.
You hit the endoplasm.
The endoplasm is almost dead.
The endoplasm barely misses you.
The gnoll hits you from afar with a +0 halberd of flaming!
The gnoll burns you.
You slash the endoplasm!
You kill the endoplasm!
You barely miss the gnoll. The bat barely misses you.
The gnoll hits you with a +3 whip. The gnoll completely misses you.
The bat closely misses you.
You completely miss the gnoll. You barely miss the bat.
The bat hits you but does no damage. You block the bat's attack.
The gnoll hits you from afar with a +0 halberd of flaming.
You die...

#...)#.......##
#.....#...[..#
###.#)######....
####.#..########.
................
.
.........###....
.......#..# #
........#.###.#
.........b@S..#
.......###g..##
.....#. #..g..#
.....#. ###......
.. . .#....
...... #.... ....


You could see 2 gnolls, a bat and a ball python.

Vanquished Creatures
  A gnoll (D:2)
  An adder (D:2)
  A dart slug (D:2)
  3 ball pythons
  5 endoplasms
  2 giant cockroaches (D:1)
  3 hobgoblins (D:1)
  3 jackals (D:1)
  4 bats (D:1)
  2 goblins
  8 kobolds (D:1)
  5 rats
38 creatures vanquished.

Notes
Turn   | Place    | Note
-------+----------+-------------------------------------------
     0 | D:1      | qw the Gargoyle Fighter began the quest for the Orb.
     0 | D:1      | Reached XP level 1. HP: 14/14 MP: 1/1
     0 | D:1      | 0 ||| qw: Version: 0.2-a-29-g511e9b1
     0 | D:1      | 0 ||| qw: Game counter: 5746
     0 | D:1      | 0 ||| qw: Always use a shield: true
     0 | D:1      | 0 ||| qw: God list: Okawaru
     0 | D:1      | 0 ||| qw: Allow faded altars: false
     0 | D:1      | 0 ||| qw: Do Orc after D:15 true
     0 | D:1      | 0 ||| qw: Do second Lair branch before Depths: true
     0 | D:1      | 0 ||| qw: Lair rune preference: random
     0 | D:1      | 0 ||| qw: Plans: Normal, Zot:1-4, Slime:5, God:TSO, Crypt,
                  | Tomb, Abyss, Pan, Hells, Win
     0 | D:1      | 0 ||| PLANNING D:1-11
   106 | D:1      | 106 ||| Stepping ~*~*~tactically~*~*~ (hiding).
   116 | D:1      | Reached XP level 2. HP: 19/19 MP: 2/2
   128 | D:1      | 128 ||| Stepping ~*~*~tactically~*~*~ (stealth).
   144 | D:1      | 144 ||| Stepping ~*~*~tactically~*~*~ (stealth).
   145 | D:1      | 145 ||| Stepping ~*~*~tactically~*~*~ (stealth).
   147 | D:1      | 147 ||| Stepping ~*~*~tactically~*~*~ (stealth).
   182 | D:1      | 182 ||| DROPPING +0 club.
   189 | D:1      | 189 ||| Stepping ~*~*~tactically~*~*~ (stealth).
   194 | D:1      | 194 ||| Stepping ~*~*~tactically~*~*~ (hiding).
   196 | D:1      | 196 ||| Stepping ~*~*~tactically~*~*~ (hiding).
   197 | D:1      | 197 ||| Stepping ~*~*~tactically~*~*~ (hiding).
   198 | D:1      | 198 ||| Stepping ~*~*~tactically~*~*~ (hiding).
   269 | D:1      | 269 ||| Stepping ~*~*~tactically~*~*~ (stealth).
   429 | D:1      | 429 ||| Stepping ~*~*~tactically~*~*~ (stealth).
   439 | D:1      | Reached skill level 3 in Axes
   540 | D:1      | Reached XP level 3. HP: 22/23 MP: 3/3
  1023 | D:1      | 1023 ||| READING scroll labelled HOLAUSOBLUMIT.
  1024 | D:1      | 1024 ||| READING scroll labelled TUEL LAUNENIO.
  1025 | D:1      | 1025 ||| READING scroll labelled ISEOSA UTOR.
  1026 | D:1      | 1026 ||| READING scroll labelled YBAOMNUA MOHAIGI.
  1041 | D:2      | 1041 ||| FLEEEEING.
  1042 | D:2      | 1042 ||| STAIRDANCE
  1063 | D:2      | Identified the +6 spear of Painful Death {drain, Int+2}
  1087 | D:2      | Reached XP level 4. HP: 18/28 MP: 4/4
  1088 | D:2      | HP: 4/28 [gnoll/+3 whip (6)]
  1089 | D:2      | Slain by a gnoll

Levels and vault maps discovered:
D:1:      nicolae_arrival_somewhat_less_tricky_arrival, layout_basic,
          minivault_11, minmay_misc_feat_columns, columned_hall_lemuel,
          minmay_pentomino_s4
D:2:      layout_rooms, shapermc_ecumenical_altar_rom_forum, basic_altar

Skill      XL: |  1  2 |
---------------+-------+-----
Axes           | 2 3 |  3.9
Fighting       | |  3.2
Armour         | |  3.2
Shields        | |  3.2

Action                     |  1- 3 |  4- 6 || total
---------------------------+-------+-------++-------
  Melee: War axe           |    68 |     3 ||    71
    Use: Scroll            |     4 |       ||     4
 Armour: Scale mail        |    25 |     1 ||    26
  Dodge: Dodged            |    29 |     4 ||    33
  Block: Buckler           |    12 |     1 ||    13

Table legend:
 A = Non-vault XP
 B = Vault XP
 C = Vault XP percentage of total XP
 D = Non-vault monster count
 E = Vault monster count
 F = Vault count percentage of total count
                 A         B        C        D         E       F
            +---------+---------+-------+---------+---------+-------
      Total |      79 |      11 |  12.2 |      30 |       8 |  21.1
            +---------+---------+-------+---------+---------+-------
        D:1 |      40 |      11 |  21.6 |      23 |       8 |  25.8
        D:2 |      39 |       0 |   0.0 |       7 |       0 |   0.0
            +---------+---------+-------+---------+---------+-------
